 Dungeon Crawl Stone Soup version 0.21-a0-264-g3e31e41 (webtiles) character file.

217 JackS81 the Changer (level 5, 0/37 HPs)
             Began as a Merfolk Transmuter on Sept 10, 2017.
             Slain by Natasha (6 damage)
             ... on level 3 of the Dungeon on Sept 11, 2017.
             The game lasted 00:13:19 (2482 turns).

JackS81 the Changer (Merfolk Transmuter)            Turns: 2482, Time: 00:13:20

Health: 0/37       AC:  2    Str: 11    XL:     5   Next: 94%
Magic:  5/8        EV: 21    Int: 13    God:
Gold:   110        SH:  0    Dex: 19    Spells: 4/8 levels left

rFire    . . .     SeeInvis .     - Unarmed
rCold    . . .     Gourm    .   (shield currently unavailable)
rNeg     . . .     Faith    .   (armour currently unavailable)
rPois    x         Spirit   .   (helmet currently unavailable)
rElec    .         Reflect  .   (cloak currently unavailable)
rCorr    .         Harm     .   (gloves currently unavailable)
MR       .....                  (boots currently unavailable)
Stlth    ++........             (no amulet)
HPRegen  0.12/turn              (no ring)
MPRegen  0.11/turn              (no ring)

@: spider-form
A: (change form in water), (swift swim), (stealthy swim)
a: End Transformation


You were on level 3 of the Dungeon.
You were not hungry.
You were a venomous arachnid creature.
You visited 1 branch of the dungeon, and saw 3 of its levels.

You collected 110 gold pieces.

Inventory:

Missiles
 a - 51 arrows
 k - 3 tomahawks (quivered)
Armour
 b - a +0 robe (melded)
Scrolls
 e - a scroll of teleportation {unknown}
 f - a scroll of amnesia {unknown}
 l - 5 scrolls of identify {unknown}
Potions
 h - a potion of curing
 m - a potion of lignification {unknown}
Books
 c - a book of Changes

   Spells                             Type                      Level
   a - Beastly Appendage              Transmutation                1
   b - Sticks to Snakes               Transmutation                2
   c - Spider Form                    Transmutation/Poison         3
   d - Ice Form                       Ice/Transmutation            4
   e - Blade Hands                    Transmutation                5
Comestibles
 d - 3 bread rations
 g - a royal jelly
 i - 2 chunks of flesh
 j - a meat ration


   Skills:
 - Level 1.1 Fighting
 - Level 2.6 Dodging
 + Level 3.7 Unarmed Combat
 - Level 2.0 Spellcasting
 * Level 7.5 Transmutations


You had 4 spell levels left.
You knew the following spells:

 Your Spells              Type           Power        Failure   Level  Hunger
a - Beastly Appendage     Tmut           ###...       5%          1    ##.....
b - Spider Form           Tmut/Pois      ##........   34%         3    ####...


Dungeon Overview and Level Annotations

Branches:
Dungeon (3/15)

Altars:
Fedhas
The Shining One

Annotations:
D:3 Natasha


Message History

Natasha is heavily wounded.
The white imp barely misses you.
The shadow imp hits you but does no damage.
Natasha claws you.
You completely miss Natasha.
Natasha is heavily wounded.
The white imp gestures at you. The puff of frost hits you!
* * * LOW HITPOINT WARNING * * *
The shadow imp closely misses you. Natasha closely misses you.
You hit Natasha.
Natasha is poisoned.
Natasha is severely wounded.
The crimson imp blinks!
The white imp hits you.
* * * LOW HITPOINT WARNING * * *
The white imp freezes you.
* * * LOW HITPOINT WARNING * * *
The shadow imp closely misses you.
Natasha growls.
Natasha claws you.
You die...

........######.#####
.#......##.........#
.##)###..#.........# ###
###.####..5........######....#
.##....##..........#.........#
.#####.##.>..........#.##....#
...###.##..........##..# ..#
##..†.÷..#.....55..##.## #
##..##......<..hs>.#..#
#..#####......§.....## .#..#
#.#....####.## .... #........
..# .... ####....## ## ....
#....# .... ####.. ... ...


You could see Natasha, a crimson imp, a white imp and a shadow imp.

Vanquished Creatures
  Jessica (D:2)
  Natasha (D:3)
  A worker ant (D:2)
  8 adders
  3 worms
  2 dart slugs
  5 leopard geckos
  7 bats
  2 giant cockroaches
  3 goblins
  5 hobgoblins
  4 jackals
  A quokka (D:3)
  3 ball pythons
  6 frilled lizards
  2 kobolds
  6 rats
60 creatures vanquished.

Notes
Turn   | Place    | Note
-------+----------+-------------------------------------------
     0 | D:1      | JackS81 the Merfolk Transmuter began the quest for the Orb.
     0 | D:1      | Reached XP level 1. HP: 15/15 MP: 3/3
   176 | D:1      | Reached skill level 3 in Transmutations
   381 | D:1      | Reached XP level 2. HP: 15/21 MP: 3/5
   508 | D:1      | Reached skill level 4 in Transmutations
   799 | D:1      | Found a glowing golden altar of the Shining One.
   978 | D:1      | Reached XP level 3. HP: 21/26 MP: 4/6
  1122 | D:2      | Reached skill level 5 in Transmutations
  1153 | D:2      | Noticed Jessica
  1183 | D:2      | Killed Jessica
  1183 | D:2      | Reached XP level 4. HP: 31/32 MP: 5/7
  1206 | D:2      | Reached skill level 6 in Transmutations
  1479 | D:2      | Learned a level 3 spell: Spider Form
  1517 | D:2      | Reached XP level 5. HP: 11/37 MP: 8/8
  1891 | D:2      | Found a blossoming altar of Fedhas.
  1966 | D:3      | Reached skill level 7 in Transmutations
  2458 | D:3      | Noticed Natasha
  2467 | D:3      | Killed Natasha
  2474 | D:3      | Noticed Natasha
  2482 | D:3      | Slain by Natasha

Vault maps used:
D:1:      dpeg_arrival_simpleton_c, tso_metal_star
D:2:      nicolae_overflow_hidden_temple, uniq_jessica
D:3:      nicolae_overflow_crystal_walls, nicolae_ru_sacrificial_ziggurat,
          first_bread, uniq_natasha

Skill      XL: |  1  2  3  4  5 |
---------------+----------------+-----
Transmutations | 3 4 5 6 7 |  7.5
Fighting       | |  1.1
Dodging        | |  2.6
Unarmed Combat | |  3.7
Spellcasting   | |  2.0

Action                   |  1- 3 |  4- 6 || total
-------------------------+-------+-------++-------
Melee: Unarmed           |    94 |   109 ||   203
       Headbutt          |    14 |     5 ||    19
       Punch             |     2 |     1 ||     3
Throw: Tomahawk          |    17 |    10 ||    27
 Cast: Beastly Appendage |    19 |     5 ||    24
       Spider Form       |       |    11 ||    11
  Use: Potion            |     4 |     2 ||     6
 Stab: Invisible         |     1 |       ||     1
  Eat: Chunk             |     1 |     6 ||     7
Armor: Robe              |     9 |     8 ||    17
       Skin              |       |     5 ||     5
Dodge: Dodged            |    67 |    79 ||   146

Table legend:
 A = Spawn XP
 B = Non-spawn XP
 C = Spawn XP percentage of total XP
 D = Spawn monster count
 E = Non-spawn monster count
 F = Spawn count percentage of total count
 G = Total turns spent on level
                    A         B        C        D         E        F      G
               +---------+---------+-------+---------+---------+-------+---------
         Total |       0 |     310 |   0.0 |       0 |      60 |   0.0 |  2482
               +---------+---------+-------+---------+---------+-------+---------
           D:1 |       0 |      36 |   0.0 |       0 |      20 |   0.0 |  1020
           D:2 |       0 |     153 |   0.0 |       0 |      22 |   0.0 |   904
           D:3 |       0 |     121 |   0.0 |       0 |      18 |   0.0 |   558
               +---------+---------+-------+---------+---------+-------+---------
